 Dungeon Crawl Stone Soup version 0.16.1-4-g8e1b745 (webtiles) character file.

161 vatarom the Magician (level 5, -3/38 HPs)
             Began as a Draconian Conjurer on Mar 26, 2015.
             Killed by divine providence
             ... invoked by an orc priest
              (11 damage)
             ... on level 3 of the Dungeon.
             The game lasted 00:05:20 (2962 turns).

vatarom the Magician (Draconian Conjurer)           Turns: 2962, Time: 00:05:20

Health: -3/38      AC:  5    Str: 10    XL:     5   Next: 18%
Magic:  4/15       EV: 12    Int: 17    God:
Gold:   115        SH:  0    Dex: 11    Spells: 4 memorised, 4 levels left

rFire  . . .     SeeInvis .     e - +0 flail
rCold  . . .     Clarity  .     (armour unavailable)
rNeg   . . .     SustAb   .     (no shield)
rPois  .         Gourm    .     (helmet restricted)
rElec  .         Spirit   .     (no cloak)
rCorr  .         Warding  .     (no gloves)
rMut   .         Stasis   .     (no boots)
MR     .....                    (no amulet)
Stlth  ++........               (no ring)
                                (no ring)

@: not resistant to hostile enchantments, unstealthy
A: unfitting armour, cold-blooded, AC +5
a: no special abilities


You were on level 3 of the Dungeon.
You were very full.

You visited 1 branch of the dungeon, and saw 3 of its levels.

You collected 115 gold pieces.

Inventory:

Hand weapons
 d - a +0 whip
 e - a +0 flail (weapon)
Missiles
 a - 7 javelins (quivered)
Magical devices
 h - a wand of cold (3)
Scrolls
 f - a scroll of identify
Potions
 g - a potion of curing
Books
 c - a book of Conjurations

   Spells                             Type                      Level
   a - Magic Dart                     Conjuration                  1
   b - Searing Ray                    Conjuration                  2
   c - Dazzling Spray                 Conjuration/Hexes            3
   d - Fulminant Prism                Conjuration/Hexes            4
   e - Iskenderun's Mystic Blast      Conjuration                  4
   f - Iskenderun's Battlesphere      Conjuration/Charms           5
Comestibles
 i - a meat ration


   Skills:
 - Level 1.7 Dodging
 - Level 1.7 Stealth
 + Level 5.0 Spellcasting
 - Level 4.0 Conjurations


You had 4 spell levels left.
You knew the following spells:

 Your Spells              Type           Power        Failure   Level  Hunger
a - Magic Dart            Conj           ###.         2%          1    None
b - Searing Ray           Conj           ###...       4%          2    #......
c - Dazzling Spray        Conj/Hex       ##......     21%         3    ###....
d - Iskenderun's Mystic   Conj           ###.....     30%         4    ####...


Dungeon Overview and Level Annotations

Branches:
Dungeon (3/15)

Altars:
Okawaru


Innate Abilities, Weirdness & Mutations

Your plain brown scales are hard (AC +5).
Your body does not fit into most forms of armour.
Your cold-blooded metabolism reacts poorly to cold.


Message History

The orc priest is dazzled.
The orc priest hits you but does no damage.
The orc priest closely misses you.
You strike the helpless orc priest from behind!
You hit the orc priest.
Your tail-slap misses the orc priest.
The orc priest is moderately wounded.
You feel yourself speed up. The orc priest misses you.
The orc priest barely misses you.
You hit the orc priest but do no damage.
The orc priest is moderately wounded.
The orc priest calls down the wrath of Beogh upon you.
Something smites you!
* * * LOW HITPOINT WARNING * * *
You hit the orc priest but do no damage.
You tail-slap the orc priest, but do no damage.
The orc priest is moderately wounded.
The orc priest is no longer blind.
The orc priest invokes the aid of Beogh against you.
Something smites you!
You die...

#..##.........#
######
#..#####(######
##..# #.# #...#
##.# #.#.# #..#
#.#.# #.##
#...####.#
###...##.#
#...##@#
##†....# #.##.o#
.# #.##..## #..#
#.#....####g..§#
#.#.##....oo.#
#...
######o......
#..# .#... #..
.. .


You could see an orc priest.

Vanquished Creatures
  An orc wizard (D:3)
  Terence (D:2)
  3 adders (D:2)
  4 gnolls (D:2)
  A worm (D:2)
  An ooze (D:3)
  3 giant geckos (D:1)
  An orc (D:3)
  13 bats
  5 giant cockroaches
  6 goblins
  5 hobgoblins
  8 kobolds
  A giant newt (D:1)
  A quokka (D:2)
  5 rats
59 creatures vanquished.

Notes
Turn   | Place    | Note
--------------------------------------------------------------
     0 | D:1      | vatarom, the Draconian Conjurer, began the quest for the Orb.
     0 | D:1      | Reached XP level 1. HP: 14/14 MP: 3/3
   161 | D:1      | Reached XP level 2. HP: 4/20 MP: 1/5
   515 | D:1      | Learned a level 2 spell: Searing Ray
  1078 | D:2      | Reached XP level 3. HP: 2/26 MP: 0/8
  1271 | D:2      | Learned a level 3 spell: Dazzling Spray
  1494 | D:2      | Reached XP level 4. HP: 16/33 MP: 0/11
  1747 | D:2      | Noticed Terence
  1760 | D:2      | Killed Terence
  1880 | D:2      | Learned a level 4 spell: Iskenderun's Mystic Blast
  2809 | D:3      | Found an iron altar of Okawaru.
  2955 | D:3      | Reached skill level 5 in Spellcasting
  2955 | D:3      | Reached XP level 5. HP: 25/38 MP: 9/15
  2962 | D:3      | Killed from afar by an orc priest

Action                   |  1- 3 |  4- 6 || total
-------------------------+-------+-------++-------
Melee: Unarmed           |    28 |       ||    28
       Whip              |    55 |       ||    55
       Flail             |     1 |    84 ||    85
Throw: Javelin           |     8 |       ||     8
 Cast: Magic Dart        |    27 |     5 ||    32
       Searing Ray       |     3 |     3 ||     6
       Dazzling Spray    |     2 |     6 ||     8
  Use: Scroll            |     2 |     3 ||     5
       Potion            |     3 |     1 ||     4
 Stab: Sleeping          |     1 |       ||     1
       Invisible         |       |     2 ||     2
  Eat: Meat ration       |     1 |       ||     1
       Bread ration      |       |     2 ||     2
